TOP OF THE 1ST |
University of Illinois Fighting Illini batting - Pitching for Clemson University Tigers : RHP Danny Lucero
|
Pitching: RHP Danny Lucero
|
|
Batting: RHB Chris Bejarano
|
0-0: Ball 1-0: Fly out, F8 (Flyball, 78M, EV 90.0 MPH)
|
Batting: RHB Edwin Bejarano
|
0-0: Ball 1-0: Foul Ball, location: 2F 1-1: Ball 2-1: Fly out, F8 (Flyball, 8LD, EV 100.0 MPH)
|
Batting: RHB Jonathan Mendoza
|
0-0: Ball 1-0: Ground out 4-3 (Groundball, 4, EV 99.4 MPH)
|
Top of the 1st over - 0 runs, 0 hits, 0 errors, 0 left on base; University of Illinois 0 - Clemson University 0 |
BOTTOM OF THE 1ST |
Clemson University Tigers batting - Pitching for University of Illinois Fighting Illini : RHP Andy Harrigan
|
Pitching: RHP Andy Harrigan
|
|
Batting: RHB Joaquin Salazar
|
0-0: Ball 1-0: Fly out, F8 (Flyball, 8RD, EV 84.4 MPH)
|
Batting: RHB Kenny Ball
|
0-0: SINGLE (Line Drive, 7LS, EV 96.9 MPH)
|
Batting: RHB Carlos Livas
|
0-0: Ball 1-0: Ball 2-0: Foul Ball, location: 2F 2-1: Fly out, F8 (Flyball, 8RXD, EV 91.2 MPH)
|
Batting: RHB Jon Solis
|
0-0: Foul Ball, location: 2F 0-1: Ball 1-1: Fly out, F8 (Flyball, 78M, EV 88.8 MPH)
|
Bottom of the 1st over - 0 runs, 1 hit, 0 errors, 1 left on base; University of Illinois 0 - Clemson University 0 |
TOP OF THE 2ND |
University of Illinois Fighting Illini batting - Pitching for Clemson University Tigers : RHP Danny Lucero
|
Batting: LHB George Roben
|
0-0: Ball 1-0: Ball 2-0: Ball 3-0: Called Strike 3-1: Base on Balls
|
Batting: RHB German Quiroga
|
0-0: Ball 1-0: Ball 2-0: Ball 3-0: Called Strike 3-1: Fly out, F9 (Flyball, 9LM, EV 75.0 MPH)
|
Batting: LHB Art D'Ascenzo
|
0-0: Swinging Strike 0-1: Ball 1-1: Ball 2-1: Foul Ball, location: 2F 2-2: Ball 3-2: Ground out 1-3 (Groundball, 13S, EV 66.2 MPH) George Roben to second
|
Batting: RHB Francisco Cabrera
|
0-0: Called Strike 0-1: Fly out, F3 (Popup, 34, EV 81.2 MPH)
|
Top of the 2nd over - 0 runs, 0 hits, 0 errors, 1 left on base; University of Illinois 0 - Clemson University 0 |
BOTTOM OF THE 2ND |
Clemson University Tigers batting - Pitching for University of Illinois Fighting Illini : RHP Andy Harrigan
|
Batting: LHB Armando Arellano
|
0-0: Called Strike 0-1: Foul Ball, location: 2F 0-2: Ball 1-2: Foul Ball, location: 2F 1-2: SINGLE (Flyball, 56D, EV 87.5 MPH)
|
Batting: RHB Luis Cruz
|
0-0: Ball 1-0: Fielders Choice at 2nd, 6-4 (Groundball, 6, EV 84.4 MPH)
|
Batting: RHB Lao-che Zhu
|
0-0: Ball 1-0: Foul Ball, location: 2F 1-1: Swinging Strike 1-2: Fielders Choice at 2nd, 6-4 (Groundball, 6, EV 105.6 MPH)
|
Batting: RHB Wayne Watson
|
0-0: Ball Lao-che Zhu steals 2nd base 1-0: Ball 2-0: Ground out 4-3 (Groundball, 4, EV 103.8 MPH)
|
Bottom of the 2nd over - 0 runs, 1 hit, 0 errors, 1 left on base; University of Illinois 0 - Clemson University 0 |
TOP OF THE 3RD |
University of Illinois Fighting Illini batting - Pitching for Clemson University Tigers : RHP Danny Lucero
|
Batting: RHB Vinny Torres
|
0-0: Called Strike 0-1: Ball 1-1: Swinging Strike 1-2: Ground out 4-3 (Groundball, 4, EV 84.4 MPH)
|
Batting: RHB Elmar Adenauer
|
0-0: Ground out 5-3 (Groundball, 15, EV 78.1 MPH)
|
Batting: RHB Chris Bejarano
|
0-0: Ball 1-0: Foul Ball, location: 2F 1-1: Swinging Strike 1-2: Strikes out swinging
|
Top of the 3rd over - 0 runs, 0 hits, 0 errors, 0 left on base; University of Illinois 0 - Clemson University 0 |
BOTTOM OF THE 3RD |
Clemson University Tigers batting - Pitching for University of Illinois Fighting Illini : RHP Andy Harrigan
|
Batting: RHB Manny Balderas
|
0-0: Ground out 6-3 (Groundball, 6, EV 91.9 MPH)
|
Batting: RHB Joaquin Salazar
|
0-0: Ground out 4-3 (Groundball, 4M, EV 83.8 MPH)
|
Batting: RHB Kenny Ball
|
0-0: Foul Ball, location: 2F 0-1: Ball 1-1: Ground out 6-3 (Groundball, 6S, EV 83.1 MPH)
|
Bottom of the 3rd over - 0 runs, 0 hits, 0 errors, 0 left on base; University of Illinois 0 - Clemson University 0 |
TOP OF THE 4TH |
University of Illinois Fighting Illini batting - Pitching for Clemson University Tigers : RHP Danny Lucero
|
Batting: RHB Edwin Bejarano
|
0-0: Called Strike 0-1: Ball 1-1: Fly out, F8 (Flyball, 78D, EV 100.6 MPH)
|
Batting: RHB Jonathan Mendoza
|
0-0: Ball 1-0: Called Strike 1-1: Foul Ball, location: 2F 1-2: Ball 2-2: Ball 3-2: DOUBLE (Groundball, 5L, EV 102.5 MPH)
|
Batting: LHB George Roben
|
0-0: Foul Ball, location: 2F 0-1: Ball 1-1: Foul Ball, location: 2F 1-2: Foul Ball, location: 2F 1-2: Ground out 3-1 (Groundball, 13, EV 78.1 MPH) Jonathan Mendoza to third
|
Batting: RHB German Quiroga
|
0-0: Called Strike 0-1: Ball 1-1: Called Strike 1-2: Ball 2-2: Foul Ball, location: 2F 2-2: Ball 3-2: Ground out 5-3 (Groundball, 5, EV 108.1 MPH)
|
Top of the 4th over - 0 runs, 1 hit, 0 errors, 1 left on base; University of Illinois 0 - Clemson University 0 |
BOTTOM OF THE 4TH |
Clemson University Tigers batting - Pitching for University of Illinois Fighting Illini : RHP Andy Harrigan
|
Batting: RHB Carlos Livas
|
0-0: Foul Ball, location: 2F 0-1: Ground out 5-3 (Groundball, 56S, EV 80.6 MPH)
|
Batting: RHB Jon Solis
|
0-0: Called Strike 0-1: Called Strike 0-2: Ball 1-2: Strikes out looking
|
Batting: LHB Armando Arellano
|
0-0: Foul Ball, location: 2F 0-1: Foul Ball, location: 2F 0-2: Fly out, F8 (Line Drive, 8LM, EV 91.9 MPH)
|
Bottom of the 4th over - 0 runs, 0 hits, 0 errors, 0 left on base; University of Illinois 0 - Clemson University 0 |
TOP OF THE 5TH |
University of Illinois Fighting Illini batting - Pitching for Clemson University Tigers : RHP Danny Lucero
|
Pitching: RHP Trent Murdock
|
|
Batting: LHB Art D'Ascenzo
|
0-0: Ball 1-0: Called Strike 1-1: Swinging Strike 1-2: SINGLE (Line Drive, 7LS, EV 103.1 MPH)
|
Batting: RHB Francisco Cabrera
|
0-0: Ball Pickoff Throw by Catcher to First - Out! 1-0: Ball 2-0: Called Strike 2-1: Foul Ball, location: 2F 2-2: Strikes out looking
|
Batting: RHB Vinny Torres
|
0-0: Called Strike 0-1: Called Strike 0-2: Ball 1-2: Foul Ball, location: 2F 1-2: Ball 2-2: Foul Ball, location: 2F 2-2: Foul Ball, location: 2F 2-2: Foul Ball, location: 2F 2-2: Foul Ball, location: 2F 2-2: Ground out 4-3 (Groundball, 13, EV 85.0 MPH)
|
Top of the 5th over - 0 runs, 1 hit, 0 errors, 0 left on base; University of Illinois 0 - Clemson University 0 |
BOTTOM OF THE 5TH |
Clemson University Tigers batting - Pitching for University of Illinois Fighting Illini : RHP Andy Harrigan
|
Pitching: LHP Matt Bayer
|
|
Batting: RHB Luis Cruz
|
0-0: Ball 1-0: Foul Ball, location: 2F 1-1: Ball 2-1: Ground out 6-3 (Groundball, 6, EV 100.6 MPH)
|
Batting: RHB Lao-che Zhu
|
0-0: Called Strike 0-1: Foul Ball, location: 2F 0-2: Ball 1-2: Strikes out swinging
|
Batting: RHB Wayne Watson
|
0-0: Called Strike 0-1: Foul Ball, location: 2F 0-2: Ball 1-2: Foul Ball, location: 2F 1-2: Ball 2-2: Ball 3-2: Base on Balls
|
Batting: RHB Manny Balderas
|
0-0: Foul Ball, location: 2F 0-1: Ball Wild Pitch! Wayne Watson to second 1-1: Called Strike 1-2: Strikes out swinging
|
Bottom of the 5th over - 0 runs, 0 hits, 0 errors, 1 left on base; University of Illinois 0 - Clemson University 0 |
TOP OF THE 6TH |
University of Illinois Fighting Illini batting - Pitching for Clemson University Tigers : RHP Trent Murdock
|
Batting: RHB Elmar Adenauer
|
0-0: Ball 1-0: Swinging Strike 1-1: Ball 2-1: SINGLE (Groundball, 56D, EV 114.4 MPH)
|
Batting: RHB Chris Bejarano
|
0-0: Called Strike 0-1: Ball 1-1: Sac Bunt to 25 - play at second, runner OUT! 5-6
|
Batting: RHB Edwin Bejarano
|
0-0: Fly out, F9 (Flyball, 89D, EV 100.0 MPH)
|
Batting: RHB Jonathan Mendoza
|
0-0: Ball Chris Bejarano is caught stealing 2nd base 2-4
|
Top of the 6th over - 0 runs, 1 hit, 0 errors, 0 left on base; University of Illinois 0 - Clemson University 0 |
BOTTOM OF THE 6TH |
Clemson University Tigers batting - Pitching for University of Illinois Fighting Illini : LHP Matt Bayer
|
Batting: RHB Joaquin Salazar
|
0-0: Ball 1-0: Swinging Strike 1-1: SINGLE (Line Drive, 8LS, EV 95.6 MPH)
|
Batting: RHB Kenny Ball
|
0-0: Called Strike 0-1: Ball 1-1: Called Strike 1-2: SINGLE (Line Drive, 89S, EV 107.5 MPH) Joaquin Salazar to second
|
Pinch Hitting: LHB Rafael Lozano
|
0-0: Ball Joaquin Salazar steals 3rd base (no throw) Pickoff Throw to First - Out! 1-3 1-0: Called Strike 1-1: Ball Wild Pitch! Joaquin Salazar scores 2-1: Ground out 4-3 (Groundball, 4, EV 101.2 MPH)
|
Batting: RHB Jon Solis
|
0-0: Called Strike 0-1: Foul Ball, location: 2F 0-2: Ball 1-2: Strikes out swinging
|
Bottom of the 6th over - 1 run, 2 hits, 0 errors, 0 left on base; University of Illinois 0 - Clemson University 1 |
TOP OF THE 7TH |
University of Illinois Fighting Illini batting - Pitching for Clemson University Tigers : RHP Trent Murdock
|
Now at 1B: Dermott Ayliffe
|
|
Now at 3B: Jackson Wither
|
|
Now in LF: Willie Rubio
|
|
Batting: RHB Jonathan Mendoza
|
0-0: Fly out, F6 (Popup, 6S, EV 82.5 MPH)
|
Batting: LHB George Roben
|
0-0: Called Strike 0-1: Swinging Strike 0-2: Ball 1-2: Foul Ball, location: 2F 1-2: Ball 2-2: Ball 3-2: Strikes out looking
|
Batting: RHB German Quiroga
|
0-0: SINGLE (Line Drive, 8LS, EV 112.5 MPH)
|
Batting: LHB Art D'Ascenzo
|
0-0: Called Strike 0-1: Called Strike 0-2: Foul Ball, location: 2F 0-2: Fly out, F9 (Flyball, 89S, EV 93.8 MPH)
|
Top of the 7th over - 0 runs, 1 hit, 0 errors, 1 left on base; University of Illinois 0 - Clemson University 1 |
BOTTOM OF THE 7TH |
Clemson University Tigers batting - Pitching for University of Illinois Fighting Illini : LHP Matt Bayer
|
Pitching: RHP Aaron Andrei
|
|
Batting: LHB Armando Arellano
|
0-0: Ball 1-0: SOLO HOME RUN (Flyball, 7D, EV 103.8 MPH), Distance : 403 ft
|
Pinch Hitting: LHB Alex Chairez
|
0-0: Fly out, F4 (Popup, 34, EV 70.6 MPH)
|
Pinch Hitting: LHB Kien-lung Zou
|
0-0: Called Strike 0-1: Ball 1-1: Foul Ball, location: 2F 1-2: Ball 2-2: Fly out, F8 (Line Drive, 8LD, EV 95.0 MPH)
|
Batting: RHB Wayne Watson
|
0-0: Ball 1-0: Foul Ball, location: 2F 1-1: SINGLE (Line Drive, 7LS, EV 99.4 MPH)
|
Batting: RHB Willie Rubio
|
0-0: Ball 1-0: Ball 2-0: Foul Ball, location: 2F 2-1: SINGLE (Groundball, 56D, EV 102.5 MPH) (infield hit) Wayne Watson to second
|
Pinch Hitting: LHB Nick Deen
|
0-0: SINGLE (Groundball, 25, EV 71.2 MPH) (infield hit) Wayne Watson to third Willie Rubio to second
|
Batting: RHB Kirk Cully
|
0-0: Ball 1-0: Fly out, F6 (Line Drive, 6, EV 66.9 MPH)
|
Bottom of the 7th over - 1 run, 4 hits, 0 errors, 3 left on base; University of Illinois 0 - Clemson University 2 |
TOP OF THE 8TH |
University of Illinois Fighting Illini batting - Pitching for Clemson University Tigers : RHP Trent Murdock
|
Pitching: LHP Jason Peck
|
|
Now at 2B: Paul Ngumi
|
|
Now at SS: Ivan Castillo
|
|
Now in CF: Nick Deen
|
|
Batting: RHB Francisco Cabrera
|
0-0: Called Strike 0-1: Foul Ball, location: 2F 0-2: Foul Ball, location: 2F 0-2: Ball 1-2: Ball 2-2: Foul Ball, location: 2F 2-2: Strikes out swinging
|
Batting: RHB Vinny Torres
|
0-0: Called Strike 0-1: Called Strike 0-2: Ball 1-2: Strikes out swinging, 2-3 out at first.
|
Batting: RHB Elmar Adenauer
|
0-0: Called Strike 0-1: Ball 1-1: Swinging Strike 1-2: Foul Ball, location: 2F 1-2: Fly out, F9 (Flyball, 89D, EV 85.6 MPH)
|
Top of the 8th over - 0 runs, 0 hits, 0 errors, 0 left on base; University of Illinois 0 - Clemson University 2 |
BOTTOM OF THE 8TH |
Clemson University Tigers batting - Pitching for University of Illinois Fighting Illini : RHP Aaron Andrei
|
Pinch Hitting: RHB Dennis Tempel
|
0-0: Swinging Strike 0-1: Swinging Strike 0-2: Ball 1-2: Strikes out swinging
|
Batting: LHB Jackson Wither
|
0-0: Fly out, F6 (Popup, 4M, EV 46.2 MPH)
|
Pinch Hitting: RHB Toshinori Tajima
|
0-0: Foul Ball, location: 2F 0-1: Ball 1-1: Ground out 5-3 (Groundball, 56D, EV 93.8 MPH)
|
Bottom of the 8th over - 0 runs, 0 hits, 0 errors, 0 left on base; University of Illinois 0 - Clemson University 2 |
TOP OF THE 9TH |
University of Illinois Fighting Illini batting - Pitching for Clemson University Tigers : LHP Jason Peck
|
Pitching: RHP Dave Vandehey
|
|
Now at 1B: Bartolo Aguilar
|
|
Now in RF: Jayden Pelayo
|
|
Pinch Hitting: LHB Efrem Isaev
|
0-0: Swinging Strike 0-1: Swinging Strike 0-2: Strikes out swinging
|
Batting: RHB Edwin Bejarano
|
0-0: Ball 1-0: Swinging Strike 1-1: Ball 2-1: Called Strike 2-2: Foul Ball, location: 2F 2-2: Strikes out swinging
|
Batting: RHB Jonathan Mendoza
|
0-0: Called Strike 0-1: Foul Ball, location: 2F 0-2: Ball 1-2: Foul Ball, location: 2F 1-2: Strikes out looking
|
Top of the 9th over - 0 runs, 0 hits, 0 errors, 0 left on base; University of Illinois 0 - Clemson University 2 |
|